AoeStats
← die trying

Arabian Desert

508928975Analyzed
1v1 RM · 6d ago on Sep 24, 2026· 32m 15s· 2 players
Game mode
Random Map
Map size
Tiny (2 player)
Population
200
Speed
Normal
Resources
Standard
Victory
Conquest
Starting age
Dark Age
Ending age
Imperial Age
RankedLock teamsTeams togetherTeam positionsShared explorationLock speedFull tech treeHidden civsTurbo modeCheats
Victory
Defeat
🇩🇴 Tupi · Dominican Republic
2145
+7
🇨🇱 Mongols · Chile
1921
-7
die trying
5:24 Loom
7:43 Feudal Age
7:49 Man-at-Arms
9:11 Double-Bit Axe
16:13 Fletching
22:32 Castle Age
20:55 Padded Archer Armor
21:57 Horse Collar
22:54 Gold Mining
23:12 Bodkin Arrow
25:21 Husbandry
26:05 Bloodlines
28:34 Leather Archer Armor
30:34 Ballistics
RD | Lina
7:33 Loom
9:22 Feudal Age
10:36 Champi Runner
14:14 Double-Bit Axe
16:18 Fletching
19:07 Padded Archer Armor
23:50 Castle Age
23:55 Gold Mining
24:06 Town Watch
23:57 Crossbowman
24:33 Bodkin Arrow
24:14 Elite Skirmisher
26:07 Bow Saw
26:55 Ballistics
29:57 Horse Collar
Connection lost

Rejoining the realm…

Still unreachable

The connection could not be restored.

Session expired

The server has moved on; the page needs a fresh start.